 Dungeon Crawl Stone Soup version 0.28-a0-1117-g0bdd5ba030 (webtiles) character file.

Game seed: 10392053919063515349

23 ducksouse the Stinger (level 2, 0/22 HPs)
             Began as a Naga Venom Mage on Dec 11, 2021.
             Slain by a hobgoblin (3 damage)
             ... on level 2 of the Dungeon.
             The game lasted 00:05:16 (1848 turns).

ducksouse the Stinger (Naga Venom Mage)             Turns: 1848, Time: 00:05:16

Health: 0/22       AC:  1    Str: 10    XL:     2   Next: 95%
Magic:  2/5        EV: 10    Int: 15    God:
Gold:   32         SH:  0    Dex: 11    Spells: 2/5 levels left

rFire   . . .      SeeInvis +   (no weapon)
rCold   . . .      Faith    .   (no shield)
rNeg    . . .      Spirit   .   a - +0 robe
rPois   +          Reflect  .   (no helmet)
rElec   .          Harm     .   (no cloak)
rCorr   .          Rampage  .   (no gloves)
Will    .....                   (no barding)
Stlth   ++........              (no amulet)
HPRegen 0.07/turn               (no ring)
MPRegen 0.09/turn               (no ring)

@: very slow
A: AC +0, large, see invisible, deformed body, poison resistance, slowness 2,
spit poison 1, naga tail 1
a: Spit Poison


You were on level 2 of the Dungeon.
You visited 1 branch of the dungeon, and saw 2 of its levels.

You collected 32 gold pieces.

Inventory:

Armour
 a - a +0 robe (worn)
Jewellery
 d - a ring of wizardry
Scrolls
 b - a scroll of fog {unknown}
 e - 2 scrolls of identify {unknown}
 f - 2 scrolls of vulnerability {unknown}
Potions
 c - a potion of lignification {unknown}


   Skills:
 + Level 1.8 Dodging
 + Level 3.5 Stealth
 + Level 2.2 Spellcasting
 + Level 1.4 Transmutations
 + Level 4.3 Poison Magic


You had 2 spell levels left.
You knew the following spells:

 Your Spells              Type           Power      Damage    Failure   Level
a - Sting                 Tmut/Pois      40%        1d5       7%          1
b - Poisonous Vapours     Pois/Air       16%        N/A       14%         2

Your spell library contained the following spells:

 Spells                   Type           Power      Damage    Failure   Level
 Mephitic Cloud           Conj/Pois/Air  6%         N/A       34%         3
 Olgreb's Toxic Radiance  Pois           14%        N/A       36%         4


Dungeon Overview and Level Annotations

Branches:
Dungeon (2/15)

Altars:


Innate Abilities, Weirdness & Mutations

Your serpentine skin is tough. (AC +0)
You have supernaturally acute eyesight. (SInv)
Armour fits poorly on your strangely shaped body.
Your system is resistant to poisons. (rPois)
You cover ground very slowly.
You can spit poison.
You have a snake-like lower body.


Message History

The adder skeleton bites you.
The sting hits the adder skeleton.
The adder skeleton partially resists.
The adder skeleton is severely damaged.
The adder skeleton closely misses you.
You are too depleted to draw on your mana recklessly!
The adder skeleton bites you. The adder skeleton bites you.
You barely miss the adder skeleton.
The adder skeleton is severely damaged.
The adder skeleton bites you but does no damage.
The adder skeleton bites you. The adder skeleton closely misses you.
You are too injured to fight recklessly!
The adder skeleton misses you. x2
You are too injured to fight recklessly!
The adder skeleton bites you but does no damage.
You are too injured to fight recklessly!
The adder skeleton closely misses you. The adder skeleton barely misses you.
Casting: Sting (safe; 7% risk of failure)
Confirm with . or Enter, or press ? or * to list all spells.
Aiming: Sting (safe; 7% risk of failure)
Press: ? - help, Shift-Dir - straight line, f/p - adder skeleton
Aim: an adder skeleton (severely damaged, 79% to hit)
The sting hits the adder skeleton.
The adder skeleton partially resists.
The adder skeleton is almost destroyed.
The adder skeleton bites you.
* * * LOW HITPOINT WARNING * * *
The adder skeleton barely misses you.
A hobgoblin comes into view.
The adder skeleton barely misses you. The adder skeleton barely misses you.
The adder skeleton bites you.
* * * LOW HITPOINT WARNING * * *
The adder skeleton bites you.
* * * LOW HITPOINT WARNING * * *
The hobgoblin hits you but does no damage.
The hobgoblin barely misses you.
The adder skeleton bites you but does no damage.
The hobgoblin hits you.
You die...

#.........#######
#........<#......
#.........#......
#######....>.....
##.........
#..........
#...#......
#######gZ.#......
.......@.........
..........#......
.................
.......##.######
....... .#
....... .#
....... ..
####### #


You could see a hobgoblin and an adder skeleton.

Vanquished Creatures
  A dart slug (D:1)
  2 giant cockroaches (D:1)
  A goblin (D:1)
  5 hobgoblins (D:1)
  2 kobolds (D:1)
  2 quokkas
  4 ball pythons (D:1)
  2 rats (D:1)
19 creatures vanquished.

Notes
Turn   | Place    | Note
-------+----------+-------------------------------------------
     0 | D:1      | ducksouse the Naga Venom Mage began the quest for the Orb.
     0 | D:1      | Reached XP level 1. HP: 15/15 MP: 3/3
   488 | D:1      | Found a faded altar of an unknown god.
   643 | D:1      | Reached XP level 2. HP: 10/22 MP: 1/5
   937 | D:1      | Learned a level 2 spell: Poisonous Vapours
  1848 | D:2      | Slain by a hobgoblin

Illustrated notes

Levels and vault maps discovered:
D:1:      scummos_arrival_simple_crosswalls, layout_basic,
          dreamdust_ecumenical_altar_statues
D:2:      layout_rooms, serial_corexii_hall, chequers_hall_statues_y,
          corexii_hall_statues_s, corexii_hall_statues_x,
          corexii_hall_statues_l, chequers_hall_statues_wall_a,
          corexii_hall_statues_i, minmay_tiny_reverse_x

Action                   || total
-------------------------++-------
Melee: Unarmed           ||     9
 Cast: Sting             ||    14
       Poisonous Vapours ||     4
 Abil: Spit Poison       ||    14
Armor: Robe              ||     7
Dodge: Dodged            ||    28

Table legend: (Time is in decaauts)
 A = Elapsed time spent in this place.
 B = Non-inter-level travel time spent in this place.
 C = Inter-level travel time spent in this place.
 D = Time resting spent in this place.
 E = Time spent auto-exploring this place.
 F = Levels seen in this place.
 G = Mean time per level.
                   A        B        C        D        E       F      G
               +--------+--------+--------+--------+--------+-----+--------+
         Total |   2300 |   2300 |      0 |    571 |    651 |   2 | 1150.0 |
       Dungeon |   2300 |   2300 |      0 |    571 |    651 |   2 | 1150.0 |
               +--------+--------+--------+--------+--------+-----+--------+

Top non-repeatable levels by time:
     D:1: 2248 daAuts
     D:2: 51 daAuts
